Kraken vs Ducks
Created - November 6, 2025 at 19:32
Goals
|
| Kraken |
4 |
0 |
0 |
4 |
| Ducks |
0 |
4 |
1 |
5 |
|
Shots
|
| Kraken |
14 |
5 |
9 |
28 |
| Ducks |
8 |
13 |
4 |
25 |
|
1st period
1. Kraken , Brendan Gallagher 1 (Andrei Loktionov 1, Brady Skjei 1) at 0:50
2. Kraken , Zach Hyman 1 (Hayden Hodgson 1, Kyle Rau 1) at 5:20
3. Kraken , Brendan Lemieux 1 (Brendan Gallagher 1, Hayden Hodgson 2) at 13:34
4. Kraken , Tyler Bertuzzi 1 (Nicholas Baptiste 1, Ryan Nugent-Hopkins 1) at 18:44
Penalties :
Andrei Loktionov (Sea) for Tripping (Minor) at 15:12
2nd period
5. Ducks , Frederick Gaudreau 1 (Adam Larsson 1) at 0:55
6. Ducks , Tye McGinn 1 (Alex Pietrangelo 1) at 1:01
7. Ducks , Tye McGinn 2 (Kevin Fiala 1) at 1:05
8. Ducks , Nico Hischier 1 (Adrian Kempe 1) at 7:23 (PP)
Penalties :
Erik Gudbranson (Sea) for Hooking (Minor) at 7:19, Brendan Gallagher (Sea) for Hooking (Minor) at 9:31, Andrei Loktionov (Sea) for Interference (Minor) at 13:18, Logan Couture (Sea) for Cross-checking (Minor) at 0:00
3rd period
9. Ducks , Josh Anderson 1 (Matt Martin 1, Frederick Gaudreau 1) at 11:01
Penalties :
Kyle Rau (Sea) for High sticking (Minor) at 2:37, Tyler Myers (Ana) for High sticking (Double Minor) at 11:32
Goalie Stats
Joonas Korpisalo (Sea), 20 saves from 25 shots - (0.800), L, 0-1-0, 59:05 minutes
Marek Mazanek (Ana), 19 saves from 20 shots - (0.950), W, 1-0-0, 46:26 minutes
Michal Neuvirth (Ana), 5 saves from 8 shots - (0.625), 13:34 minutes
Players Stats for Kraken
Player Name G A P +/- PIM S H SB GA TA FO MP PP MP PK MP
------------------------------------------------------------------------------------
Andrei Loktionov 0 1 1 0 4 2 1 0 1 0 14/24 19:37 1:38 2:15
Brady Skjei 0 1 1 -2 0 1 0 4 1 1 0/0 27:41 1:51 5:37
Brendan Gallagher 1 1 2 0 2 5 1 1 0 2 4/8 22:06 1:32 4:17
Brendan Lemieux 1 0 1 0 0 1 2 0 0 1 0/1 23:06 1:38 5:19
Erik Gudbranson 0 0 0 -2 2 2 0 1 0 0 0/0 27:28 1:51 5:25
Hayden Hodgson 0 2 2 0 0 0 0 0 0 0 1/1 10:53 0:00 2:38
Jalen Chatfield 0 0 0 2 0 0 0 0 0 0 0/0 13:49 0:42 0:00
Jamie Oleksiak 0 0 0 2 0 2 0 0 0 0 0/0 14:01 0:42 0:12
JT Compher 0 0 0 -1 0 1 2 1 0 0 0/0 13:06 0:52 1:50
Kyle Rau 0 1 1 0 2 0 1 0 0 0 2/6 9:26 0:14 1:03
Logan Couture 0 0 0 -1 2 1 0 0 0 0 3/4 11:13 0:47 0:00
Nate Schmidt 0 0 0 0 0 0 2 2 0 0 0/0 18:30 1:26 4:23
Nicholas Baptiste 0 1 1 1 0 2 1 0 0 1 0/0 13:01 1:29 0:00
Olli Maatta 0 0 0 0 0 0 0 1 0 0 0/0 18:30 1:26 4:23
Ryan Nugent-Hopkins 0 1 1 1 0 2 2 0 0 0 6/13 15:43 1:30 2:38
Tyler Bertuzzi 1 0 1 1 0 2 2 0 0 1 2/2 13:02 1:29 0:00
Victor Olofsson 0 0 0 -1 0 4 0 0 0 0 0/0 11:01 0:48 0:00
Zach Hyman 1 0 1 0 0 3 0 0 1 0 0/0 7:42 0:00 0:00
Players Stats for Ducks
Player Name G A P +/- PIM S H SB GA TA FO MP PP MP PK MP
------------------------------------------------------------------------------------
Adam Gaudette 0 0 0 -2 0 2 5 1 0 0 0/0 17:46 4:34 0:32
Adam Larsson 0 1 1 0 0 1 1 1 0 0 0/0 22:46 5:43 1:56
Adrian Kempe 0 1 1 -2 0 0 1 0 0 0 2/3 17:52 5:26 0:00
Alex Pietrangelo 0 1 1 0 0 2 1 0 1 0 0/0 25:57 5:43 1:31
Carter Verhaeghe 0 0 0 -2 0 0 2 0 1 0 2/3 18:04 5:23 0:00
Cody Eakin 0 0 0 2 0 0 1 0 0 0 4/8 13:18 0:03 1:06
Danny DeKeiser 0 0 0 0 0 1 1 0 0 1 0/0 14:37 0:00 1:56
Frederick Gaudreau 1 1 2 2 0 3 3 0 0 0 2/4 9:37 0:00 0:00
John Carlson 0 0 0 0 0 1 1 0 0 0 0/0 20:38 4:17 1:31
Josh Anderson 1 0 1 2 0 3 1 0 0 1 0/0 12:19 0:00 1:31
Kevin Fiala 0 1 1 2 0 0 1 0 0 0 2/5 10:07 0:00 0:00
Matt Martin 0 1 1 2 0 1 0 0 0 0 1/2 13:17 0:03 1:23
Nico Hischier 1 0 1 -2 0 5 3 0 1 0 4/13 18:27 5:23 1:17
Nikita Tryamkin 0 0 0 0 0 1 0 0 0 0 0/0 13:47 0:00 0:32
Teemu Hartikainen 0 0 0 -2 0 0 2 2 1 0 0/0 12:45 0:00 1:05
Tye McGinn 2 0 2 2 0 4 1 1 0 0 1/2 14:42 4:34 0:00
Tyler Johnson 0 0 0 -2 0 1 2 1 1 0 9/19 18:19 4:34 1:36
Tyler Myers 0 0 0 0 4 0 1 3 1 1 0/0 21:42 4:17 0:00
3 Stars
1 - Tye McGinn (Ana)
2 - Frederick Gaudreau (Ana)
3 - Josh Anderson (Ana)
Power Play
Kraken - 0 on 2 Attempt(s) - 0.00%
Ducks - 1 on 6 Attempt(s) - 16.67%
Penalty Kill
Kraken - 5 on 6 Attempt(s) - 83.33%
- Score 0 goal in Penalty Kill
Ducks - 2 on 2 Attempt(s) - 100.00%
- Score 0 goal in Penalty Kill
Team Stat
Kraken - Hits : 14 - Faceoff Wins : 32 - Blocked Shots : 10 - Penalty Minutes : 12
Ducks - Hits : 27 - Faceoff Wins : 27 - Blocked Shots : 9 - Penalty Minutes : 4
Official
Referees : Kendrick Nicholson and Brian Pochmara
Linesman : Kory Nagy and Steve Miller
Game Notes
Marek Mazanek enters game at 13:34 of 1st period
7:23 of 2nd period - Ducks goal is going for a video replay. After video review, Goal.
Finance
Level 1 -- Attendance: 6000 (100.00%) -- Ticket Income $600,000
Level 2 -- Attendance: 5000 (100.00%) -- Ticket Income $350,000
Level 3 -- Attendance: 1785 (89.25%) -- Ticket Income $71,400
Level 4 -- Attendance: 4000 (100.00%) -- Ticket Income $120,000
Luxury Box -- Attendance: 1000 (100.00%) -- Ticket Income $200,000
Game was played at the Arrow head pond.
Total Attendance: 17785 (98.81%)
Total Ticket Income: $1,341,400
Other Income: $201,210
Total Income: $1,542,610
Kraken
5 vs 5 Forward
Center Left Wing Right Wing Time % Phy DF OF
1 Andrei Loktionov Brendan Lemieux Brendan Gallagher 40 1 2 2
2 Ryan Nugent-Hopkins Tyler Bertuzzi Nicholas Baptiste 30 1 2 2
3 Logan Couture JT Compher Victor Olofsson 20 1 2 2
4 Kyle Rau Hayden Hodgson Zach Hyman 10 1 2 2
5 vs 5 Defense
Defense Defense Time % Phy DF OF
1 Brady Skjei Erik Gudbranson 40 1 2 2
2 Olli Maatta Nate Schmidt 30 1 2 2
3 Jalen Chatfield Jamie Oleksiak 20 1 2 2
4 Brady Skjei Erik Gudbranson 10 1 2 2
PowerPlay Forward
Center Left Wing Right Wing Time % Phy DF OF
1 Andrei Loktionov Brendan Lemieux Brendan Gallagher 60 1 2 2
2 Ryan Nugent-Hopkins Tyler Bertuzzi Nicholas Baptiste 40 1 2 2
PowerPlay Defense
Defense Defense Time % Phy DF OF
1 Brady Skjei Erik Gudbranson 60 1 2 2
2 Olli Maatta Nate Schmidt 40 1 2 2
Penalty Kill 4 Players Forward
Center Wing Time % Phy DF OF
1 Brendan Gallagher Brendan Lemieux 60 1 2 2
2 Andrei Loktionov Ryan Nugent-Hopkins 40 1 2 2
Penalty Kill 4 Players Defense
Defense Defense Time % Phy DF OF
1 Brady Skjei Erik Gudbranson 60 1 2 2
2 Olli Maatta Nate Schmidt 40 1 2 2
Penalty Kill - 3 Players Forward
Forward Time % Phy DF OF
1 Brendan Gallagher 60 1 2 2
2 Brendan Lemieux 40 1 2 2
Penalty Kill - 3 Players Defense
Defense Defense Time % Phy DF OF
1 Brady Skjei Erik Gudbranson 60 1 2 2
2 Olli Maatta Nate Schmidt 40 1 2 2
4 vs 4 Forward
Center Wing Time % Phy DF OF
1 Brendan Gallagher Brendan Lemieux 60 1 2 2
2 Andrei Loktionov Ryan Nugent-Hopkins 40 1 2 2
4 vs 4 Defense
Defense Defense Time % Phy DF OF
1 Brady Skjei Erik Gudbranson 60 1 2 2
2 Olli Maatta Nate Schmidt 40 1 2 2
Last Minutes Offensive
Center Left Wing Right Wing Defense Defense
Andrei Loktionov Brendan Lemieux Brendan Gallagher Brady Skjei Erik Gudbranson
Last Minutes Defensive
Center Left Wing Right Wing Defense Defense
Andrei Loktionov Brendan Lemieux Brendan Gallagher Brady Skjei Erik Gudbranson
Goaltenders
Starting : Joonas Korpisalo
Backup : Ebbe Siönäs
Extra Forwards
Normal : Logan Couture, JT Compher, Hayden Hodgson - PP : Logan Couture, JT Compher - PK : Hayden Hodgson
Extra Defensemen
Normal : Jalen Chatfield, Jamie Oleksiak, Olli Maatta - PP : Jalen Chatfield - PK : Jamie Oleksiak, Olli Maatta
Penalty Shots
Brendan Gallagher, Brendan Lemieux, Andrei Loktionov, Ryan Nugent-Hopkins, Tyler Bertuzzi
Custom OT Lines Forwards
Brendan Gallagher, Brendan Lemieux, Andrei Loktionov, Ryan Nugent-Hopkins, Tyler Bertuzzi, Logan Couture, JT Compher, Nicholas Baptiste, Hayden Hodgson, Victor Olofsson
Custom OT Lines Defensemen
Brady Skjei, Erik Gudbranson, Olli Maatta, Nate Schmidt, Jalen Chatfield
Scratches
None
Ducks
5 vs 5 Forward
Center Left Wing Right Wing Time % Phy DF OF
1 Tyler Johnson Carter Verhaeghe Adam Gaudette 30 0 1 4
2 Nico Hischier Teemu Hartikainen Adrian Kempe 25 0 1 4
3 Cody Eakin Tye McGinn Kevin Fiala 25 1 1 3
4 Frederick Gaudreau Matt Martin Josh Anderson 20 1 2 2
5 vs 5 Defense
Defense Defense Time % Phy DF OF
1 Alex Pietrangelo Tyler Myers 40 0 2 3
2 John Carlson Adam Larsson 30 1 1 3
3 Nikita Tryamkin Danny DeKeiser 20 3 1 1
4 Alex Pietrangelo John Carlson 10 4 1 0
PowerPlay Forward
Center Left Wing Right Wing Time % Phy DF OF
1 Nico Hischier Carter Verhaeghe Adrian Kempe 60 0 1 4
2 Tyler Johnson Tye McGinn Adam Gaudette 40 0 1 4
PowerPlay Defense
Defense Defense Time % Phy DF OF
1 Adam Larsson Alex Pietrangelo 60 0 1 4
2 John Carlson Tyler Myers 40 0 1 4
Penalty Kill 4 Players Forward
Center Wing Time % Phy DF OF
1 Tyler Johnson Josh Anderson 60 1 2 2
2 Cody Eakin Matt Martin 40 1 2 2
Penalty Kill 4 Players Defense
Defense Defense Time % Phy DF OF
1 Tyler Myers Danny DeKeiser 60 1 2 2
2 Adam Larsson Nikita Tryamkin 40 1 2 2
Penalty Kill - 3 Players Forward
Forward Time % Phy DF OF
1 Frederick Gaudreau 60 0 3 2
2 Nico Hischier 40 0 3 2
Penalty Kill - 3 Players Defense
Defense Defense Time % Phy DF OF
1 Alex Pietrangelo Tyler Myers 60 0 3 2
2 John Carlson Adam Larsson 40 0 3 2
4 vs 4 Forward
Center Wing Time % Phy DF OF
1 Cody Eakin Teemu Hartikainen 60 0 2 3
2 Frederick Gaudreau Kevin Fiala 40 0 2 3
4 vs 4 Defense
Defense Defense Time % Phy DF OF
1 Nikita Tryamkin Danny DeKeiser 60 0 2 3
2 Adam Larsson Tyler Myers 40 0 2 3
Last Minutes Offensive
Center Left Wing Right Wing Defense Defense
Tyler Johnson Matt Martin Adam Gaudette Alex Pietrangelo John Carlson
Last Minutes Defensive
Center Left Wing Right Wing Defense Defense
Cody Eakin Matt Martin Josh Anderson Tyler Myers Adam Larsson
Goaltenders
Starting : Michal Neuvirth
Backup : Marek Mazanek
Extra Forwards
Normal : Tyler Johnson, Carter Verhaeghe, Nico Hischier - PP : Tyler Johnson, Carter Verhaeghe - PK : Josh Anderson
Extra Defensemen
Normal : Alex Pietrangelo, John Carlson, Tyler Myers - PP : Alex Pietrangelo - PK : Tyler Myers, Danny DeKeiser
Penalty Shots
Adam Gaudette, Adrian Kempe, Tyler Johnson, Nico Hischier, Carter Verhaeghe
Custom OT Lines Forwards
Tyler Johnson, Adam Gaudette, Adrian Kempe, Carter Verhaeghe, Nico Hischier, Teemu Hartikainen, Tye McGinn, Cody Eakin, Kevin Fiala, Frederick Gaudreau
Custom OT Lines Defensemen
Alex Pietrangelo, John Carlson, Tyler Myers, Adam Larsson, Danny DeKeiser
Scratches
None
% Time on Ice - Kraken
Lines # - Real PCT - Wanted PCT - Time Play
Normal Forward
1 - 33% - 40% - 14:39
2 - 28% - 30% - 12:35
3 - 22% - 20% - 9:50
4 - 17% - 10% - 7:42
Normal Defense
1 - 38% - 40% - 17:04
2 - 28% - 30% - 12:24
3 - 29% - 20% - 13:07
4 - 5% - 10% - 2:11
PP Forward
1 - 59% - 60% - 2:20
2 - 41% - 40% - 1:39
PP Defense
1 - 64% - 60% - 2:33
2 - 36% - 40% - 1:26
PK Forward
1 - 74% - 60% - 7:22
2 - 26% - 40% - 2:38
PK Defense
1 - 56% - 60% - 5:37
2 - 44% - 40% - 4:23
PK3 Forward
1 - 0% - 60%
2 - 0% - 40%
PK3 Defense
1 - 0% - 60%
2 - 0% - 40%
44 Forward
1 - 0% - 60%
2 - 0% - 40%
44 Defense
1 - 0% - 60%
2 - 0% - 40%
Last Minute Offensive - 1:15
Last Minute Defensive - 0:00
Total
Forward - 60:00
Defense - 60:00
|
% Time on Ice - Ducks
Lines # - Real PCT - Wanted PCT - Time Play
Normal Forward
1 - 28% - 30% - 12:37
2 - 28% - 25% - 12:29
3 - 23% - 25% - 10:07
4 - 21% - 20% - 9:37
Normal Defense
1 - 39% - 40% - 17:25
2 - 29% - 30% - 12:52
3 - 28% - 20% - 12:41
4 - 4% - 10% - 1:52
PP Forward
1 - 54% - 60% - 5:26
2 - 46% - 40% - 4:34
PP Defense
1 - 57% - 60% - 5:43
2 - 43% - 40% - 4:17
PK Forward
1 - 91% - 60% - 3:37
2 - 9% - 40% - 0:22
PK Defense
1 - 100% - 60% - 3:59
2 - 0% - 40% - 0:00
PK3 Forward
1 - 0% - 60%
2 - 0% - 40%
PK3 Defense
1 - 0% - 60%
2 - 0% - 40%
44 Forward
1 - 0% - 60%
2 - 0% - 40%
44 Defense
1 - 0% - 60%
2 - 0% - 40%
Last Minute Offensive - 0:00
Last Minute Defensive - 1:11
Total
Forward - 60:00
Defense - 60:00
|
Play-by-Play
1st period
0:01 of 1st period - Andrei Loktionov wins face-off versus Tyler Johnson in neutral zone.
0:06 of 1st period - Slapshot by Brendan Lemieux.
0:06 of 1st period - Deflect By Andrei Loktionov.
0:06 of 1st period - Shot Misses the Net.
0:06 of 1st period - Puck is out of play.
0:07 of 1st period - Andrei Loktionov wins face-off versus Tyler Johnson in Ducks zone.
0:46 of 1st period - Slapshot by Brendan Gallagher.
0:46 of 1st period - Stopped by Michal Neuvirth with a rebound.
0:48 of 1st period - Wrist shot by Andrei Loktionov.
0:48 of 1st period - Shot Misses the Net.
0:50 of 1st period - Snap shot by Brendan Gallagher.
0:50 of 1st period - Goal by Brendan Gallagher - Kraken : 1 - Ducks : 0.
0:51 of 1st period - Adrian Kempe wins face-off versus Ryan Nugent-Hopkins in neutral zone.
1:16 of 1st period - Logan Couture is hit by Tye McGinn and loses puck.
1:23 of 1st period - Snap shot by Tye McGinn.
1:23 of 1st period - Shot Blocked by Nate Schmidt.
1:34 of 1st period - Icing by Nikita Tryamkin.
1:35 of 1st period - Frederick Gaudreau wins face-off versus Kyle Rau in Ducks zone.
2:21 of 1st period - Jamie Oleksiak is hit by Alex Pietrangelo and loses puck.
3:08 of 1st period - Snap shot by Zach Hyman.
3:08 of 1st period - Deflect By Kyle Rau.
3:08 of 1st period - Shot Misses the Net.
3:08 of 1st period - Puck is out of play.
3:09 of 1st period - Cody Eakin wins face-off versus Ryan Nugent-Hopkins in Ducks zone.
3:14 of 1st period - Wrist shot by Kevin Fiala.
3:14 of 1st period - Shot Misses the Net.
3:34 of 1st period - Danny DeKeiser is hit by Brendan Lemieux and loses puck.
3:46 of 1st period - Olli Maatta is hit by John Carlson and loses puck.
3:59 of 1st period - Snap shot by Victor Olofsson.
3:59 of 1st period - Stopped by Michal Neuvirth with a rebound.
4:21 of 1st period - Wrist shot by Zach Hyman.
4:21 of 1st period - Stopped by Michal Neuvirth with a rebound.
4:23 of 1st period - Wrist shot by Hayden Hodgson.
4:23 of 1st period - Deflect By Zach Hyman.
4:23 of 1st period - Shot Blocked by Teemu Hartikainen.
4:23 of 1st period - Puck is out of play.
4:24 of 1st period - Kyle Rau wins face-off versus Tyler Johnson in Ducks zone.
5:20 of 1st period - Snap shot by Zach Hyman.
5:20 of 1st period - Goal by Zach Hyman - Kraken : 2 - Ducks : 0.
5:21 of 1st period - Cody Eakin wins face-off versus Ryan Nugent-Hopkins in neutral zone.
5:46 of 1st period - Tyler Myers is hit by Andrei Loktionov and loses puck.
5:53 of 1st period - Snap shot by Brendan Gallagher.
5:53 of 1st period - Shot Blocked by Tyler Myers.
5:55 of 1st period - Slapshot by Olli Maatta.
5:55 of 1st period - Shot Misses the Net.
5:57 of 1st period - Slapshot by Olli Maatta.
5:57 of 1st period - Shot Blocked by Tyler Myers.
6:10 of 1st period - Off-side.
6:11 of 1st period - Logan Couture wins face-off versus Nico Hischier in neutral zone.
6:24 of 1st period - Snap shot by JT Compher.
6:24 of 1st period - Shot Misses the Net.
6:36 of 1st period - Snap shot by Nico Hischier.
6:36 of 1st period - Stopped by Joonas Korpisalo with a rebound.
6:38 of 1st period - Wrist shot by Teemu Hartikainen.
6:38 of 1st period - Deflect By Adrian Kempe.
6:38 of 1st period - Shot Misses the Net.
6:38 of 1st period - Puck is out of play.
6:39 of 1st period - Andrei Loktionov wins face-off versus Cody Eakin in Kraken zone.
6:46 of 1st period - Wrist shot by Cody Eakin.
6:46 of 1st period - Shot Misses the Net.
6:48 of 1st period - Slapshot by Nikita Tryamkin.
6:48 of 1st period - Stopped by Joonas Korpisalo without a rebound.
6:49 of 1st period - Cody Eakin wins face-off versus Andrei Loktionov in Kraken zone.
6:52 of 1st period - Snap shot by Tye McGinn.
6:52 of 1st period - Stopped by Joonas Korpisalo without a rebound.
6:53 of 1st period - Ryan Nugent-Hopkins wins face-off versus Cody Eakin in Kraken zone.
6:57 of 1st period - Off-side.
6:58 of 1st period - Ryan Nugent-Hopkins wins face-off versus Kevin Fiala in neutral zone.
7:31 of 1st period - Snap shot by Frederick Gaudreau.
7:31 of 1st period - Stopped by Joonas Korpisalo without a rebound.
7:32 of 1st period - Andrei Loktionov wins face-off versus Tyler Johnson in Kraken zone.
8:51 of 1st period - Wrist shot by Kyle Rau.
8:51 of 1st period - Shot Misses the Net.
9:05 of 1st period - Slapshot by Adam Gaudette.
9:05 of 1st period - Stopped by Joonas Korpisalo with a rebound.
9:13 of 1st period - Brendan Gallagher is hit by Carter Verhaeghe and loses puck.
9:39 of 1st period - Slapshot by Adam Gaudette.
9:39 of 1st period - Shot Blocked by Erik Gudbranson.
9:47 of 1st period - Slapshot by Erik Gudbranson.
9:47 of 1st period - Stopped by Michal Neuvirth with a rebound.
9:49 of 1st period - Slapshot by Brady Skjei.
9:49 of 1st period - Stopped by Michal Neuvirth without a rebound.
9:50 of 1st period - Ryan Nugent-Hopkins wins face-off versus Nico Hischier in Ducks zone.
10:27 of 1st period - Wrist shot by Tye McGinn.
10:27 of 1st period - Shot Misses the Net.
10:43 of 1st period - Snap shot by Josh Anderson.
10:43 of 1st period - Shot Misses the Net.
11:28 of 1st period - Icing by Erik Gudbranson.
11:29 of 1st period - Logan Couture wins face-off versus Tyler Johnson in Kraken zone.
11:29 of 1st period - Logan Couture is hit by Adam Gaudette.
12:23 of 1st period - Icing by Danny DeKeiser.
12:24 of 1st period - Andrei Loktionov wins face-off versus Frederick Gaudreau in Ducks zone.
13:18 of 1st period - Snap shot by Carter Verhaeghe.
13:18 of 1st period - Shot Misses the Net.
13:34 of 1st period - Wrist shot by Brendan Lemieux.
13:34 of 1st period - Goal by Brendan Lemieux - Kraken : 3 - Ducks : 0.
13:34 of 1st period - Marek Mazanek enters game.
13:35 of 1st period - Andrei Loktionov wins face-off versus Nico Hischier in neutral zone.
13:52 of 1st period - Slapshot by Brendan Gallagher.
13:52 of 1st period - Shot Blocked by Teemu Hartikainen.
14:10 of 1st period - Snap shot by Tye McGinn.
14:10 of 1st period - Stopped by Joonas Korpisalo with a rebound.
14:44 of 1st period - Slapshot by Zach Hyman.
14:44 of 1st period - Stopped by Marek Mazanek without a rebound.
14:45 of 1st period - Tyler Johnson wins face-off versus Kyle Rau in Ducks zone.
14:58 of 1st period - Erik Gudbranson is hit by Danny DeKeiser and loses puck.
15:12 of 1st period - Minor Penalty to Andrei Loktionov for Tripping.
15:13 of 1st period - Brendan Gallagher wins face-off versus Nico Hischier in Kraken zone.
15:26 of 1st period - Brendan Lemieux is hit by Carter Verhaeghe and loses puck.
15:42 of 1st period - Icing by Tye McGinn.
15:43 of 1st period - Brendan Gallagher wins face-off versus Tye McGinn in Ducks zone.
16:04 of 1st period - Snap shot by Nico Hischier.
16:04 of 1st period - Stopped by Joonas Korpisalo without a rebound.
16:05 of 1st period - Brendan Gallagher wins face-off versus Carter Verhaeghe in Kraken zone.
16:16 of 1st period - Erik Gudbranson is hit by Nico Hischier.
17:12 of 1st period - Penalty to Andrei Loktionov is over, Andrei Loktionov is back on ice.
17:21 of 1st period - Wrist shot by Nico Hischier.
17:21 of 1st period - Stopped by Joonas Korpisalo without a rebound.
17:22 of 1st period - Ryan Nugent-Hopkins wins face-off versus Kevin Fiala in Kraken zone.
18:37 of 1st period - Adrian Kempe is hit by Tyler Bertuzzi and loses puck.
18:42 of 1st period - Wrist shot by Nicholas Baptiste.
18:42 of 1st period - Stopped by Marek Mazanek with a rebound.
18:44 of 1st period - Wrist shot by Tyler Bertuzzi.
18:44 of 1st period - Goal by Tyler Bertuzzi - Kraken : 4 - Ducks : 0.
18:45 of 1st period - Cody Eakin wins face-off versus Andrei Loktionov in neutral zone.
18:57 of 1st period - Off-side.
18:58 of 1st period - Tyler Johnson wins face-off versus Brendan Lemieux in neutral zone.
19:15 of 1st period - Wrist shot by Brendan Gallagher.
19:15 of 1st period - Stopped by Marek Mazanek with a rebound.
19:25 of 1st period - Tyler Myers is hit by Nicholas Baptiste and loses puck.
19:32 of 1st period - Snap shot by Nicholas Baptiste.
19:32 of 1st period - Shot Misses the Net.
19:34 of 1st period - Snap shot by Ryan Nugent-Hopkins.
19:34 of 1st period - Stopped by Marek Mazanek with a rebound.
19:44 of 1st period - Snap shot by Victor Olofsson.
19:44 of 1st period - Stopped by Marek Mazanek without a rebound.
19:45 of 1st period - Logan Couture wins face-off versus Kevin Fiala in Ducks zone.
19:54 of 1st period - Wrist shot by Logan Couture.
19:54 of 1st period - Shot Blocked by Tye McGinn.
Goals for this period are 4 for Kraken vs 0 for Ducks.
Shots for this period are 14 for Kraken vs 8 for Ducks.
2nd period
0:01 of 2nd period - Tyler Johnson wins face-off versus Andrei Loktionov in neutral zone.
0:27 of 2nd period - Nicholas Baptiste is hit by Nico Hischier and loses puck.
0:32 of 2nd period - Slapshot by Adrian Kempe.
0:32 of 2nd period - Shot Misses the Net.
0:47 of 2nd period - Icing by Tyler Bertuzzi.
0:48 of 2nd period - Frederick Gaudreau wins face-off versus Logan Couture in Kraken zone.
0:55 of 2nd period - Wrist shot by Frederick Gaudreau.
0:55 of 2nd period - Goal by Frederick Gaudreau - Kraken : 4 - Ducks : 1.
0:56 of 2nd period - Tye McGinn wins face-off versus Andrei Loktionov in neutral zone.
0:59 of 2nd period - Wrist shot by Alex Pietrangelo.
0:59 of 2nd period - Shot Blocked by Brendan Gallagher.
1:01 of 2nd period - Snap shot by Tye McGinn.
1:01 of 2nd period - Goal by Tye McGinn - Kraken : 4 - Ducks : 2.
1:02 of 2nd period - Kevin Fiala wins face-off versus Brendan Gallagher in neutral zone.
1:05 of 2nd period - Slapshot by Tye McGinn.
1:05 of 2nd period - Goal by Tye McGinn - Kraken : 4 - Ducks : 3.
1:06 of 2nd period - Andrei Loktionov wins face-off versus Tyler Johnson in neutral zone.
1:17 of 2nd period - Icing by Olli Maatta.
1:18 of 2nd period - Nico Hischier wins face-off versus Andrei Loktionov in Kraken zone.
1:25 of 2nd period - Snap shot by Andrei Loktionov.
1:25 of 2nd period - Stopped by Marek Mazanek with a rebound.
2:32 of 2nd period - Olli Maatta is hit by Adam Gaudette and loses puck.
3:12 of 2nd period - Snap shot by Tyler Johnson.
3:12 of 2nd period - Stopped by Joonas Korpisalo without a rebound.
3:13 of 2nd period - Andrei Loktionov wins face-off versus Nico Hischier in Kraken zone.
4:19 of 2nd period - Kevin Fiala is hit by Brendan Lemieux and loses puck.
4:28 of 2nd period - Snap shot by Kevin Fiala.
4:28 of 2nd period - Deflect By Cody Eakin.
4:28 of 2nd period - Shot Misses the Net.
4:28 of 2nd period - Puck is out of play.
4:29 of 2nd period - Ryan Nugent-Hopkins wins face-off versus Adrian Kempe in Kraken zone.
4:48 of 2nd period - Nate Schmidt is hit by Teemu Hartikainen and loses puck.
4:59 of 2nd period - Nicholas Baptiste is hit by Adam Larsson and loses puck.
5:04 of 2nd period - Wrist shot by Josh Anderson.
5:04 of 2nd period - Deflect By Ryan Nugent-Hopkins.
5:04 of 2nd period - Stopped by Joonas Korpisalo without a rebound.
5:05 of 2nd period - Andrei Loktionov wins face-off versus Frederick Gaudreau in Kraken zone.
5:12 of 2nd period - Slapshot by Alex Pietrangelo.
5:12 of 2nd period - Deflect By Erik Gudbranson.
5:12 of 2nd period - Stopped by Joonas Korpisalo without a rebound.
5:13 of 2nd period - Andrei Loktionov wins face-off versus Tyler Johnson in Kraken zone.
5:22 of 2nd period - Erik Gudbranson is hit by Adam Gaudette and loses puck.
5:41 of 2nd period - Wrist shot by Brady Skjei.
5:41 of 2nd period - Deflect By Nicholas Baptiste.
5:41 of 2nd period - Stopped by Marek Mazanek without a rebound.
5:42 of 2nd period - Kevin Fiala wins face-off versus Ryan Nugent-Hopkins in Ducks zone.
5:53 of 2nd period - Snap shot by Tye McGinn.
5:53 of 2nd period - Deflect By Cody Eakin.
5:53 of 2nd period - Shot Misses the Net.
5:53 of 2nd period - Puck is out of play.
5:54 of 2nd period - Andrei Loktionov wins face-off versus Nico Hischier in Kraken zone.
6:07 of 2nd period - Snap shot by Nico Hischier.
6:07 of 2nd period - Shot Blocked by Brady Skjei.
6:09 of 2nd period - Slapshot by Alex Pietrangelo.
6:09 of 2nd period - Stopped by Joonas Korpisalo with a rebound.
6:11 of 2nd period - Slapshot by Teemu Hartikainen.
6:11 of 2nd period - Deflect By Adrian Kempe.
6:11 of 2nd period - Shot Hit the Post.
6:11 of 2nd period - Puck is out of play.
6:12 of 2nd period - Tyler Johnson wins face-off versus Ryan Nugent-Hopkins in Kraken zone.
6:17 of 2nd period - Snap shot by Adam Gaudette.
6:17 of 2nd period - Shot Misses the Net.
7:13 of 2nd period - Slapshot by Kevin Fiala.
7:13 of 2nd period - Shot Misses the Net.
7:19 of 2nd period - Minor Penalty to Erik Gudbranson for Hooking.
7:20 of 2nd period - Nico Hischier wins face-off versus Brendan Gallagher in Kraken zone.
7:21 of 2nd period - Wrist shot by Adrian Kempe.
7:21 of 2nd period - Shot Misses the Net.
7:23 of 2nd period - Slapshot by Nico Hischier.
7:23 of 2nd period - Ducks goal is going for a video replay.
7:23 of 2nd period - The goal is good.
7:23 of 2nd period - Goal by Nico Hischier - Kraken : 4 - Ducks : 4.
7:24 of 2nd period - Andrei Loktionov wins face-off versus Nico Hischier in neutral zone.
7:31 of 2nd period - Wrist shot by Brendan Gallagher.
7:31 of 2nd period - Stopped by Marek Mazanek without a rebound.
7:32 of 2nd period - Nico Hischier wins face-off versus Andrei Loktionov in Ducks zone.
7:53 of 2nd period - Snap shot by Brendan Gallagher.
7:53 of 2nd period - Shot Blocked by Adam Larsson.
8:05 of 2nd period - Wrist shot by Brendan Gallagher.
8:05 of 2nd period - Stopped by Marek Mazanek without a rebound.
8:06 of 2nd period - Tyler Johnson wins face-off versus Ryan Nugent-Hopkins in Ducks zone.
8:31 of 2nd period - Alex Pietrangelo is hit by Kyle Rau and loses puck.
9:31 of 2nd period - Minor Penalty to Brendan Gallagher for Hooking.
9:32 of 2nd period - Hayden Hodgson wins face-off versus Nico Hischier in Kraken zone.
9:43 of 2nd period - Slapshot by Adam Larsson.
9:43 of 2nd period - Stopped by Joonas Korpisalo with a rebound.
11:31 of 2nd period - Penalty to Brendan Gallagher is over, Brendan Gallagher is back on ice.
11:43 of 2nd period - Wrist shot by Frederick Gaudreau.
11:43 of 2nd period - Stopped by Joonas Korpisalo with a rebound.
11:45 of 2nd period - Wrist shot by Frederick Gaudreau.
11:45 of 2nd period - Shot Blocked by Brady Skjei.
11:47 of 2nd period - Slapshot by Nikita Tryamkin.
11:47 of 2nd period - Shot Misses the Net.
12:43 of 2nd period - Nico Hischier is hit by Tyler Bertuzzi and loses puck.
13:18 of 2nd period - Minor Penalty to Andrei Loktionov for Interference.
13:19 of 2nd period - Adrian Kempe wins face-off versus Brendan Gallagher in Kraken zone.
13:35 of 2nd period - Snap shot by Adrian Kempe.
13:35 of 2nd period - Shot Blocked by Olli Maatta.
13:45 of 2nd period - Tyler Myers is hit by Ryan Nugent-Hopkins and loses puck.
13:56 of 2nd period - Backhand shot by Tyler Johnson.
13:56 of 2nd period - Shot Blocked by Nate Schmidt.
14:44 of 2nd period - Tyler Johnson is hit by JT Compher and loses puck.
15:10 of 2nd period - Icing by Nico Hischier.
15:11 of 2nd period - Tyler Johnson wins face-off versus Kyle Rau in Ducks zone.
15:16 of 2nd period - Adam Gaudette is hit by Nate Schmidt.
15:18 of 2nd period - Penalty to Andrei Loktionov is over, Andrei Loktionov is back on ice.
15:28 of 2nd period - Wrist shot by Brendan Lemieux.
15:28 of 2nd period - Shot Misses the Net.
15:30 of 2nd period - Wrist shot by Jamie Oleksiak.
15:30 of 2nd period - Shot Misses the Net.
15:50 of 2nd period - Alex Pietrangelo is hit by Ryan Nugent-Hopkins and loses puck.
17:01 of 2nd period - Andrei Loktionov is hit by Adrian Kempe and loses puck.
17:35 of 2nd period - Andrei Loktionov is hit by Nico Hischier and loses puck.
17:54 of 2nd period - Erik Gudbranson is hit by Teemu Hartikainen and loses puck.
18:09 of 2nd period - Wrist shot by Teemu Hartikainen.
18:09 of 2nd period - Shot Misses the Net.
18:11 of 2nd period - Slapshot by Danny DeKeiser.
18:11 of 2nd period - Stopped by Joonas Korpisalo without a rebound.
18:12 of 2nd period - Tyler Bertuzzi wins face-off versus Tyler Johnson in Kraken zone.
18:21 of 2nd period - Wrist shot by Tyler Johnson.
18:21 of 2nd period - Deflect By Adam Gaudette.
18:21 of 2nd period - Stopped by Joonas Korpisalo with a rebound.
18:23 of 2nd period - Slapshot by Carter Verhaeghe.
18:23 of 2nd period - Shot Misses the Net.
18:25 of 2nd period - Snap shot by Adam Gaudette.
18:25 of 2nd period - Deflect By Tyler Johnson.
18:25 of 2nd period - Shot Misses the Net.
18:25 of 2nd period - Puck is out of play.
18:26 of 2nd period - Tyler Johnson wins face-off versus Ryan Nugent-Hopkins in Kraken zone.
18:39 of 2nd period - Snap shot by Ryan Nugent-Hopkins.
18:39 of 2nd period - Stopped by Marek Mazanek with a rebound.
18:41 of 2nd period - Snap shot by Olli Maatta.
18:41 of 2nd period - Shot Misses the Net.
18:51 of 2nd period - JT Compher is hit by Kevin Fiala and loses puck.
19:24 of 2nd period - Snap shot by Josh Anderson.
19:24 of 2nd period - Stopped by Joonas Korpisalo with a rebound.
Goals for this period are 0 for Kraken vs 4 for Ducks.
Shots for this period are 5 for Kraken vs 13 for Ducks.
0:00 of 3rd period - Minor Penalty to Logan Couture for Cross-checking.
3rd period
0:01 of 3rd period - Brendan Gallagher wins face-off versus Nico Hischier in neutral zone.
0:06 of 3rd period - Adam Larsson is hit by Brendan Gallagher and loses puck.
2:00 of 3rd period - Penalty to Logan Couture is over, Logan Couture is back on ice.
2:13 of 3rd period - Wrist shot by Zach Hyman.
2:13 of 3rd period - Shot Blocked by Tyler Myers.
2:15 of 3rd period - Slapshot by Jamie Oleksiak.
2:15 of 3rd period - Stopped by Marek Mazanek without a rebound.
2:16 of 3rd period - Kyle Rau wins face-off versus Matt Martin in Ducks zone.
2:25 of 3rd period - Snap shot by Hayden Hodgson.
2:25 of 3rd period - Shot Misses the Net.
2:37 of 3rd period - Minor Penalty to Kyle Rau for High sticking.
2:38 of 3rd period - Nico Hischier wins face-off versus Brendan Gallagher in Kraken zone.
3:05 of 3rd period - Erik Gudbranson is hit by Tyler Johnson and loses puck.
3:56 of 3rd period - Carter Verhaeghe is hit by Nate Schmidt.
4:37 of 3rd period - Penalty to Kyle Rau is over, Kyle Rau is back on ice.
4:40 of 3rd period - Slapshot by Erik Gudbranson.
4:40 of 3rd period - Stopped by Marek Mazanek without a rebound.
4:41 of 3rd period - Ryan Nugent-Hopkins wins face-off versus Cody Eakin in Ducks zone.
4:42 of 3rd period - Snap shot by Tyler Bertuzzi.
4:42 of 3rd period - Stopped by Marek Mazanek with a rebound.
5:04 of 3rd period - Adam Larsson is hit by JT Compher and loses puck.
5:51 of 3rd period - Wrist shot by Victor Olofsson.
5:51 of 3rd period - Stopped by Marek Mazanek with a rebound.
5:53 of 3rd period - Snap shot by Logan Couture.
5:53 of 3rd period - Shot Misses the Net.
5:55 of 3rd period - Snap shot by Logan Couture.
5:55 of 3rd period - Stopped by Marek Mazanek with a rebound.
5:57 of 3rd period - Snap shot by Logan Couture.
5:57 of 3rd period - Shot Hit the Post.
6:01 of 3rd period - Snap shot by JT Compher.
6:01 of 3rd period - Shot Misses the Net.
6:05 of 3rd period - Snap shot by Victor Olofsson.
6:05 of 3rd period - Stopped by Marek Mazanek with a rebound.
6:07 of 3rd period - Slapshot by JT Compher.
6:07 of 3rd period - Stopped by Marek Mazanek without a rebound.
6:08 of 3rd period - Carter Verhaeghe wins face-off versus Andrei Loktionov in Ducks zone.
6:18 of 3rd period - Off-side.
6:19 of 3rd period - Tyler Johnson wins face-off versus Andrei Loktionov in neutral zone.
6:46 of 3rd period - Erik Gudbranson is hit by Tyler Myers and loses puck.
7:00 of 3rd period - Wrist shot by Nico Hischier.
7:00 of 3rd period - Stopped by Joonas Korpisalo with a rebound.
7:38 of 3rd period - Snap shot by John Carlson.
7:38 of 3rd period - Stopped by Joonas Korpisalo without a rebound.
7:39 of 3rd period - Tyler Bertuzzi wins face-off versus Tyler Johnson in Kraken zone.
7:44 of 3rd period - Slapshot by Olli Maatta.
7:44 of 3rd period - Shot Blocked by Tyler Johnson.
8:11 of 3rd period - Slapshot by Kevin Fiala.
8:11 of 3rd period - Shot Blocked by JT Compher.
8:27 of 3rd period - Brendan Lemieux is hit by Frederick Gaudreau and loses puck.
8:43 of 3rd period - Icing by Danny DeKeiser.
8:44 of 3rd period - Matt Martin wins face-off versus Kyle Rau in Ducks zone.
8:49 of 3rd period - Snap shot by Zach Hyman.
8:49 of 3rd period - Shot Misses the Net.
9:13 of 3rd period - Jamie Oleksiak is hit by Cody Eakin and loses puck.
9:24 of 3rd period - Snap shot by Kevin Fiala.
9:24 of 3rd period - Shot Misses the Net.
9:54 of 3rd period - Logan Couture is hit by Frederick Gaudreau and loses puck.
10:20 of 3rd period - Erik Gudbranson is hit by Frederick Gaudreau and loses puck.
10:29 of 3rd period - Wrist shot by Josh Anderson.
10:29 of 3rd period - Shot Blocked by Brady Skjei.
10:31 of 3rd period - Backhand shot by John Carlson.
10:31 of 3rd period - Shot Blocked by Brady Skjei.
10:59 of 3rd period - Wrist shot by Matt Martin.
10:59 of 3rd period - Stopped by Joonas Korpisalo with a rebound.
11:01 of 3rd period - Slapshot by Josh Anderson.
11:01 of 3rd period - Goal by Josh Anderson - Kraken : 4 - Ducks : 5.
11:02 of 3rd period - Andrei Loktionov wins face-off versus Tyler Johnson in neutral zone.
11:15 of 3rd period - Slapshot by Brendan Lemieux.
11:15 of 3rd period - Shot Blocked by Adam Gaudette.
11:32 of 3rd period - Double Minor Penalty to Tyler Myers for High sticking.
11:33 of 3rd period - Tyler Johnson wins face-off versus Andrei Loktionov in Ducks zone.
14:10 of 3rd period - Nate Schmidt is hit by Adam Gaudette and loses puck.
15:32 of 3rd period - Penalty to Tyler Myers is over, Tyler Myers is back on ice.
16:07 of 3rd period - Victor Olofsson is hit by Tyler Johnson and loses puck.
17:04 of 3rd period - Icing by Adrian Kempe.
17:05 of 3rd period - Carter Verhaeghe wins face-off versus Andrei Loktionov in Ducks zone.
17:26 of 3rd period - Slapshot by Jamie Oleksiak.
17:26 of 3rd period - Stopped by Marek Mazanek with a rebound.
18:12 of 3rd period - JT Compher is hit by Adam Gaudette and loses puck.
18:33 of 3rd period - Snap shot by Andrei Loktionov.
18:33 of 3rd period - Stopped by Marek Mazanek with a rebound.
19:01 of 3rd period - Off-side.
19:02 of 3rd period - Dan Bylsma call a timeout for Kraken.
19:02 of 3rd period - Andrei Loktionov wins face-off versus Cody Eakin in neutral zone.
19:05 of 3rd period - Kraken, Joonas Korpisalo is pulled from the net.
19:41 of 3rd period - Brendan Gallagher is hit by Josh Anderson and loses puck.
Goals for this period are 0 for Kraken vs 1 for Ducks.
Shots for this period are 9 for Kraken vs 4 for Ducks.